[Event "Rapid della Domenica"]
[Site "Chess.com"]
[Date "2020.05.17"]
[Round "5"]
[White "malberici"]
[Black "crippo"]
[Result "0-1"]
[WhiteElo "1518"]
[BlackElo "1550"]
[TimeControl "720+3"]
[EndTime "7:52:28 PDT"]
[Termination "crippo ha vinto per abbandono"]

1. d4 d5 2. c4 c6 3. e3 e6 4. a3 Nf6 5. Nf3 Ne4 6. cxd5 exd5 7. Bd3 f5 8. Nc3 Bd6 9. Nd2 O-O 10.
f3 Qh4+ 11. g3 Bxg3+ 12. hxg3 Qxg3+ 0-1

[Event "Rapid della Domenica"]
[Site "Chess.com"]
[Date "2020.05.17"]
[Round "5"]
[White "Mrtre7"]
[Black "ottovolante"]
[Result "1-0"]
[WhiteElo "1398"]
[BlackElo "990"]
[TimeControl "720+3"]
[EndTime "7:56:18 PDT"]
[Termination "Mrtre7 ha vinto per scaccomatto"]

1. d4 e6 2. c4 Nf6 3. Nc3 d5 4. cxd5 Nxd5 5. e4 Nxc3 6. bxc3 c6 7.
Nf3 Nd7 8. Bd3 h6 9. O-O Nf6 10. e5 Nd5 11. c4 Nb6 12. Be3 Nd7 13. Rb1 Be7 14. Qc2 b6 15. Rbd1 Nf8 16. d5 exd5 17.
cxd5 cxd5 18. Bb5+ Bd7 19. Rxd5 Rc8 20. Qa4 g5 21.
Rfd1 Rg8 22. Bxd7+ Nxd7 23. Rxd7 Qxd7 24. Qxd7+ Kf8 25.
Qxc8+ Bd8 26. Rxd8+ Ke7 27. Qd7# 1-0

[Event "Rapid della Domenica"]
[Site "Chess.com"]
[Date "2020.05.17"]
[Round "5"]
[White "laremaro"]
[Black "OMatteoWuO"]
[Result "1-0"]
[WhiteElo "1602"]
[BlackElo "1204"]
[TimeControl "720+3"]
[EndTime "7:57:30 PDT"]
[Termination "laremaro ha vinto per abbandono"]

1. e4 c5 2. d4 cxd4 3. c3 Nf6 4. e5 Nd5 5. cxd4 Nc6 6. Nf3 e6 7. Nc3 Bb4 8. Bd2 d6 9. Nxd5 Bxd2+ 10. Qxd2 exd5 11. Bb5 dxe5 12. Nxe5 Qe7 13. O-O Bd7 14. Rfe1 O-O 15. Nxc6 Qd6 16. Ne7+ Kh8 17. Bxd7 Qxd7 18. Qg5 f6 19. Qxd5 Qxd5 20. Nxd5 Rad8 21. Nc7 Rxd4 22.
Ne6 1-0

[Event "Rapid della Domenica"]
[Site "Chess.com"]
[Date "2020.05.17"]
[Round "5"]
[White "sergiodone"]
[Black "fausto2p"]
[Result "1-0"]
[WhiteElo "1436"]
[BlackElo "1214"]
[TimeControl "720+3"]
[EndTime "7:58:46 PDT"]
[Termination "sergiodone ha vinto per abbandono"]

1. e4 e6 2. d4 d5 3. Nd2 Nf6 4. Bd3 c5 5. c3 Nc6 6. Ngf3 cxd4 7.
cxd4 Bb4 8. e5 Nd7 9. O-O Be7 10. a3 Qb6 11. Nb3 O-O 12. Bd2 a5 13. Bc3 a4 14.
Nbd2 Na5 15. Rc1 Qb3 16. Nxb3 1-0

[Event "Rapid della Domenica"]
[Site "Chess.com"]
[Date "2020.05.17"]
[Round "5"]
[White "caramante"]
[Black "pedrak"]
[Result "0-1"]
[WhiteElo "1580"]
[BlackElo "1680"]
[TimeControl "720+3"]
[EndTime "8:01:58 PDT"]
[Termination "pedrak ha vinto per abbandono"]

1. Nf3 d5 2. d4 Bf5 3. g3 c6 4. Bg2 e6 5. c3 Nf6 6. O-O Be7 7.
Re1 h6 8. h3 O-O 9. Qb3 Qb6 10.
Nbd2 Ne4 11. Ne5 Nxd2 12. Bxd2 f6 13. Nf3 Be4 14. Nh4 Bxg2 15. Nxg2 Nd7 16. e4 Qxb3 17. axb3 Rfe8 18. exd5 exd5 19. Nf4 a6 20. Ne6 Rac8 21. Bf4 Kf7 22. Nc7 Rg8 23. Re2 g5 24. Rae1 Bf8 25. Ne6 gxf4 26. Nxf4 Bd6 27. Nh5 Rce8 28. Rxe8 Rxe8 29.
Rxe8 Kxe8 30. Ng7+ Kf7 31. Nf5 Bf8 32. Kg2 Kg6 33.
g4 h5 34. f3 hxg4 35. fxg4 a5 36. Kf3 Nb8 37. h4 Na6 38. Ke3 Nc7 39. Kd3 Ne6 40. c4 Ng7 41. h5+ Kg5 42. h6 Nxf5 43. h7 Bg7 44.
gxf5 Kxf5 45. cxd5 cxd5 46. b4 axb4 47. Kc2 Ke4 48. Kb3 Kxd4 49. Kxb4 f5 50. Kb5 f4 51. Kb6 Kc4 52. Kxb7 Bxb2 0-1

[Event "Rapid della Domenica"]
[Site "Chess.com"]
[Date "2020.05.17"]
[Round "5"]
[White "SanSecondoPR"]
[Black "sirmale49"]
[Result "1-0"]
[WhiteElo "1299"]
[BlackElo "1422"]
[TimeControl "720+3"]
[EndTime "8:12:20 PDT"]
[Termination "SanSecondoPR ha vinto per abbandono"]

1. e4 e5 2. d4 exd4 3. c3 dxc3 4. Bc4 Qe7 5. Nxc3 Nc6 6. Nf3 h6 7. O-O Ne5 8. Nxe5 Qxe5 9. Nd5 c6 10. Bf4 cxd5 11.
Bxe5 dxc4 12. Qd4 Ne7 13. Bxg7 Bxg7 14. Qxg7 Rg8 15. Qe5 d6 16. Qb5+ Bd7 17. Qxb7 Rd8 18. Rfd1 Bc6 19. Qxa7 Bxe4 20. Qa4+ Kf8 21. f3 Bxf3 22.
Rd2 d5 23. Kf1 Be4 24. Re1 Bd3+ 25. Rxd3 cxd3 26. Qb4 Rd7 27. Qd2 Rg6 28. Qxd3 d4 29. a4 Rd5 30. b4 Rf5+ 31. Kg1 Rfg5 32. g3 Nd5 33. Qxd4 h5 34. b5 Nf6 35. b6 Rd5 36.
Qb4+ Kg7 37. b7 h4 38. b8=Q Nd7 39. Qb2+ Nf6 40. Qa1 hxg3 41. hxg3 Rdg5 42. Re3 Kh6 43. Qh8+ Nh7 44. Kg2 Rg7 45. Qc8 R7g6 46. Qh1+ Rh5 47.
Qxh5+ Kxh5 48. Re5+ Kh6 49. Qh3+ Kg7 50. a5 Nf6 51. a6 Nh7 52. a7 Ra6 53. Qg4+ Kf6 54. Rf5+ Ke7 55. Qb4+ Rd6 56. Qb7+ Rd7 57. Rxf7+ 1-0

[Event "Rapid della Domenica"]
[Site "Chess.com"]
[Date "2020.05.17"]
[Round "6"]
[White "SanSecondoPR"]
[Black "malberici"]
[Result "1-0"]
[WhiteElo "1315"]
[BlackElo "1437"]
[TimeControl "720+3"]
[EndTime "8:19:19 PDT"]
[Termination "SanSecondoPR ha vinto per abbandono"]

1. e4 Nf6 2. Nc3 e5 3. Nf3 Bc5 4. Nxe5 O-O 5. d4 Bb6 6. Nf3 Re8 7. Bd3 d5 8. e5 Bg4 9. O-O Ne4 10. Be3 Bxf3 11.
Qxf3 c6 12. Bxe4 dxe4 13. Nxe4 Bxd4 14. Rad1 Qe7 15. Bxd4 Nd7 16. Nd6 Nxe5 17. Bxe5 Qxe5 18. Nxe8 Rxe8 19. c3 h6 20. Qd3 Qg5 21. Qd7 Rf8 22. Qxb7 f5 23. Qxc6 f4 24. Qd5+ 1-0

[Event "Rapid della Domenica"]
[Site "Chess.com"]
[Date "2020.05.17"]
[Round "6"]
[White "sirmale49"]
[Black "sergiodone"]
[Result "0-1"]
[WhiteElo "1414"]
[BlackElo "1444"]
[TimeControl "720+3"]
[EndTime "8:20:59 PDT"]
[Termination "sergiodone ha vinto per scaccomatto"]

1. f4 c5 2. Nf3 d6 3. g3 Nc6 4. Bg2 Bd7 5. Nc3 e6 6. O-O Be7 7. e4 h5 8. d3 h4 9. Qe1 h3 10.
Bh1 Nf6 11. Ng5 Ng4 12. Bf3 Nf6 13. e5 dxe5 14. fxe5 Nh5 15. Nxh3 Qb6 16. Be3 Qxb2 17. Rb1 Qxc2 18. Bxh5 Rxh5 19. Nf4 Qxh2# 0-1

[Event "Rapid della Domenica"]
[Site "Chess.com"]
[Date "2020.05.17"]
[Round "6"]
[White "crippo"]
[Black "caramante"]
[Result "1-0"]
[WhiteElo "1561"]
[BlackElo "1564"]
[TimeControl "720+3"]
[EndTime "8:26:12 PDT"]
[Termination "crippo ha vinto per abbandono"]

1. e4 c5 2. Nc3 d6 3. Nf3 a6 4. a4 e6 5. Be2 Nf6 6. d3 g6 7. Bg5 Bg7 8. O-O Qc7 9. h3 O-O 10.
Nh2 Nbd7 11. Kh1 h6 12. Bh4 Kh7 13. Bg3 Qb6 14. Rb1 e5 15. f4 Qa5 16. fxe5 Nxe5 17. Ng4 Nexg4 18. Bxg4 Bxg4 19. hxg4 Qd8 20. Bh4 g5 21.
Bg3 Qd7 22. Rf5 Rae8 23. Qf3 b5 24. axb5 axb5 25. Rf1 Re6 26. Nd5 Nxd5 27. Rxd5 Re7 28. Rxd6 Qb7 29. Qf5+ Kg8 30. b3 c4 31. bxc4 bxc4 32. Rd5 Rc7 33. Bxc7 Qxc7 34. e5 cxd3 35. cxd3 Qa7 36. Rd6 Qe3 37. d4 Qg3 38. Qf3 Qh4+ 39. Qh3 Re8 40. Qxh4 gxh4 41. Rd7 f6 42. exf6 Rf8 43.
Rxg7+ Kh8 44. Rc7 1-0

[Event "Rapid della Domenica"]
[Site "Chess.com"]
[Date "2020.05.17"]
[Round "6"]
[White "OMatteoWuO"]
[Black "fausto2p"]
[Result "1-0"]
[WhiteElo "1215"]
[BlackElo "1201"]
[TimeControl "720+3"]
[EndTime "8:30:59 PDT"]
[Termination "OMatteoWuO ha vinto per abbandono"]

1. d4 d5 2. c4 c6 3. Nc3 Nf6 4. Nf3 dxc4 5. e3 b5 6. a4 b4 7. Na2 b3 8. Nc3 Ba6 9. Ne5 e6 10. Bxc4 Bxc4 11. Nxc4 Bb4 12. Qxb3 a5 13. Bd2 O-O 14.
Nxa5 Bxa5 15. Qb7 Ra6 16. b4 Rb6 17. Qa7 Bxb4 18. Rb1 Bxc3 19. Rxb6 Bxd2+ 20. Kxd2 Nbd7 21. Rxc6 Ne4+ 22. Ke2 Ndf6 23. Rhc1 Nd6 24. Qc5 Nfe4 25. Rxd6 Nxc5 26. Rxd8 Rxd8 27. Rxc5 g6 28. a5 Ra8 29. Kd3 Kf8 30. Kc4 Ke7 31. Kb5 Rb8+ 32. Kc6 Rb2 33. a6 Ra2 34. Kb7 Kd6 35. Rc6+ Kd5 36. a7 Ke4 37. a8=Q Rxa8 38. Kxa8 h5 39. Rc7 f6 40. Re7 Kd5 41. Rg7 g5 42. Rg6 e5 43. Rxf6 exd4 44. exd4 Kxd4 45. Rf5 g4 46. Rxh5 Kd3 47. f3 gxf3 48. gxf3 Ke3 49. Rf5 Kf2 50. h4 Kg3 51. h5 Kh4 52. h6 1-0

[Event "Rapid della Domenica"]
[Site "Chess.com"]
[Date "2020.05.17"]
[Round "6"]
[White "pedrak"]
[Black "laremaro"]
[Result "1-0"]
[WhiteElo "1686"]
[BlackElo "1593"]
[TimeControl "720+3"]
[EndTime "8:31:40 PDT"]
[Termination "pedrak ha vinto per abbandono"]

1. d4 Nf6 2. Nf3 e6 3. Bf4 d5 4. e3 c5 5. c3 Qb6 6. Qb3 Qxb3 7. axb3 Nc6 8. Nbd2 Be7 9. Bd3 O-O 10. Ne5 Nxe5 11.
Bxe5 Ng4 12. Bg3 Bd7 13. O-O a6 14. h3 Nf6 15. Rfe1 Bc6 16. dxc5 Bxc5 17. b4 Be7 18. Nb3 Ne4 19. Bf4 Rfc8 20. Na5 Nd6 21. Bxd6 Bxd6 22.
Nxc6 bxc6 23. Bxa6 Rcb8 24. Bd3 Rxa1 25. Rxa1 Rc8 26.
Ra6 Be5 27. f4 Bf6 28. Kf2 g6 29. Ke2 h5 30. g4 hxg4 31. hxg4 Kf8 32. f5 gxf5 33.
gxf5 e5 34. b5 Bd8 35. bxc6 Ke7 36. b4 Kd6 37. b5 Kc5 38. Ra7 e4 39. Bc2 Kxb5 40.
Kd2 f6 41. Ba4+ Kb6 42. Rb7+ Kc5 43. Ra7 Kb6 44. Rb7+ Kc5 45. Kc2 Ba5 46. Rb5+ 1-0